[Event "German Bundesliga 2021-22"]
[Site "Germany"]
[Date "2022.04.09"]
[Round "3.6"]
[White "Froewis, Georg"]
[Black "Handke, Florian"]
[Result "0-1"]
[ECO "D90"]
[WhiteElo "2449"]
[BlackElo "2539"]
[Annotator "TA"]
[PlyCount "54"]
[EventDate "2022.03.05"]
[EventType "team-tourn"]
[EventCountry "GER"]
[SourceTitle "playchess.com"]
[Source "ChessBase"]
[SourceQuality "1"]
[TimeControl "40/5400+30:1800+30"]

1. d4 Nf6 2. Nf3 g6 3. c4 Bg7 4. Nc3 d5 5. h4 dxc4 6. e4 {[%emt 0:00:00] D90: Grünfeld: 4 Nf3 Bg7 sidelines.} c5 7. d5 b5 {[%emt 0:00:00] Inhibits Qa4.} 8. h5 {[%emt 0:00:00] The position is equal.} O-O $1 (8... gxh5 9. e5 Nfd7 10. Rxh5 $16) 9. hxg6 fxg6 10. Rh4 a6 11. Be2 {[%emt 0:00:00] [#]} Ng4 $146 ({Predecessor:} 11... Nbd7 12. e5 Nh5 13. d6 Nxe5 14. Rxh5 Qxd6 15. Qxd6 exd6 16. Rxe5 dxe5 17. Ng5 Bb7 {½-½ (31) Schormann,C (2410)-Husemann,A (2189) LSS email 2017}) 12. Rxh7 Qd6 (12... Kxh7 $5 13. Ng5+ Kg8 14. Bxg4 Qd6 $15) 13. e5 Nxe5 $11 14. Ng5 (14. Ne4 Nxf3+ 15. Bxf3 Qe5 $17) 14... Bf5 (14... Qf6 15. Nce4 Qf5 16. a4 $16) 15. Be3 (15. Nce4 $11 {remains equal.} Qb6 16. f4) 15... Nbd7 $17 {[%emt 0:03:28] White must now prevent ...Nf6.} 16. g4 $2 (16. Nce4 $17 {was necessary.} Qb8 17. Rh4 (17. Nxc5 $2 Nxc5 18. Rxg7+ Kxg7 $19)) 16... Nd3+ (16... Bd3 $1 $19 {Hoping for ...b4.} 17. f4 b4 $1) 17. Kf1 {[%emt 0:04:46] [#]} b4 $1 $36 {[%emt 0:04:01][%mdl 2048] Black is on the roll.} 18. gxf5 bxc3 {[%emt 0:00:48] Active counter play!} 19. Bxd3 {[%emt 0:07:31][%cal Od1g4] aiming for Qg4!} cxd3 {[%emt 0:00:36] Really sharp!} 20. Qg4 $2 (20. bxc3 $17 {nothing else works.} Rxf5 21. Qxd3) 20... Rxf5 {[%emt 0:10:01] Black is clearly winning.} 21. bxc3 Nf6 ({Not} 21... Bxc3 22. Ne4 Kxh7 23. Nxd6 exd6 24. Rb1 $14) 22. Qh3 Qxd5 23. c4 Qxc4 {[%emt 0:04:14] And now ...d2+ would win.} 24. Rh4 Qc2 25. Kg2 Rf8 {[%emt 0:10:13] ...d2 is the strong threat.} 26. Rc1 Qxa2 27. Rhc4 d2 {[%emt 0:01:08] Weighted Error Value: White=0.75/Black=0.17 (very precise)} 0-1

[Event "German Bundesliga 2021-22"]
[Site "Germany"]
[Date "2022.04.09"]
[Round "3.6"]
[White "Braeuer, Franz"]
[Black "Markgraf, Alexander"]
[Result "1/2-1/2"]
[ECO "B47"]
[WhiteElo "2428"]
[BlackElo "2482"]
[Annotator "RC"]
[PlyCount "71"]
[EventDate "2022.03.05"]
[EventType "team-tourn"]
[EventCountry "GER"]
[SourceTitle "playchess.com"]
[Source "ChessBase"]
[SourceQuality "1"]
[TimeControl "40/5400+30:1800+30"]

1. e4 c5 2. Nf3 e6 3. d4 cxd4 4. Nxd4 Nc6 5. Nc3 Qc7 6. g3 a6 7. Bg2 d6 8. O-O Bd7 9. Re1 Be7 10. Nxc6 Bxc6 11. Ne2 Nf6 12. Nd4 Bd7 13. Qe2 O-O 14. a4 g6 15. c3 Rfe8 16. Bg5 Rab8 17. a5 Kg7 18. Rec1 Rbc8 19. Qd2 Ng4 20. Bxe7 Rxe7 21. Qg5 Nf6 22. Rd1 h6 23. Qd2 d5 24. exd5 exd5 25. Nc2 Bg4 26. Re1 Rxe1+ 27. Qxe1 Bf5 28. Ne3 Be6 29. Qd1 Qc5 30. Qa4 Bd7 31. Qf4 Qb5 32. Rd1 Be6 33. Qd4 Qxa5 34. Bxd5 Bxd5 35. Nxd5 Qxd5 36. Qxd5 1/2-1/2

[Event "German Bundesliga 2021-22"]
[Site "Germany"]
[Date "2022.04.09"]
[Round "3.6"]
[White "Sarbok, Torsten"]
[Black "Teclaf, Pawel"]
[Result "1/2-1/2"]
[ECO "B41"]
[WhiteElo "2325"]
[BlackElo "2542"]
[Annotator "TA"]
[PlyCount "147"]
[EventDate "2022.03.05"]
[EventType "team-tourn"]
[EventCountry "GER"]
[SourceTitle "playchess.com"]
[Source "ChessBase"]
[SourceQuality "1"]
[TimeControl "40/5400+30:1800+30"]

1. e4 c5 2. Nf3 e6 3. d4 cxd4 4. Nxd4 a6 5. c4 Nf6 6. Nc3 Bb4 7. f3 {[%emt 0:00:00] 7.Qd3 is the modern continuation.} O-O {[%emt 0:22:37] B41: Sicilian: Kan Variation: 5 c4.} 8. Be2 Nc6 9. Nxc6 dxc6 {[%emt 0:05:39] White has an edge.} 10. Qxd8 Rxd8 11. Be3 {[%emt 0:00:13] Prevents Bc5.} e5 {[%emt 0:06:23] [#]} 12. a3 $146 ({Predecessor:} 12. O-O Be6 13. Rfd1 Nd7 14. a3 Bc5 15. Bxc5 Nxc5 16. Rxd8+ Rxd8 17. Rd1 Rxd1+ 18. Nxd1 {½-½ (27) Melero Sanchez,P-Panades Catarineu,O (1746) Llinars del Valles 2013}) 12... Be7 13. Na4 Nd7 14. Nb6 {[%emt 0:01:08] &Bianco is more active.} (14. c5 $16) 14... Rb8 15. Nxd7 Bxd7 16. Bb6 {[%emt 0:02:56] With the idea 0-0-0.} Rdc8 17. Kf2 c5 18. Rhd1 Be6 19. Rac1 Rc6 20. Ba5 b5 21. cxb5 axb5 22. Bc3 f6 23. Bd2 Bb3 24. Re1 Kf7 25. Be3 g6 26. Bd1 Be6 27. Re2 c4 28. Rd2 Rd8 29. Rxd8 Bxd8 30. Ke2 f5 31. g3 fxe4 32. fxe4 Rd6 {[%emt 0:00:35] [#] ...Bg4+ is the strong threat.} 33. Kf2 Rd3 34. h4 Ba5 {[%emt 0:00:57] Strongly threatening ...Bd2.} 35. Be2 (35. Bc2 $15 Rd6 36. Rd1) 35... Rd7 (35... Rb3 $17 36. Rc2 {[#]} Be1+ $1 37. Kxe1 Rxe3) 36. a4 $11 bxa4 {[%emt 0:01:18] White must now prevent ...Rb7.} 37. Bxc4 (37. Ra1 $5 ) 37... Rb7 38. Bxe6+ Kxe6 $15 {[%emt 0:00:04][%mdl 4096] Endgame KRB-KRB} 39. Rc2 Rb3 (39... Kd6 $17) 40. Ke2 $11 h5 41. Bf2 Kd7 42. Kf1 $1 Bb4 43. Ke2 Bd6 44. Be1 $1 Bb4 {[%emt 0:04:50] Threatens to win with ...Bxe1.} 45. Bf2 Ba5 46. Kf1 $1 Bb6 47. Be1 (47. Bxb6 $11 Rxb6 48. Rc4) 47... Rf3+ 48. Kg2 Re3 (48... Rd3 $1 $15) 49. Bf2 {[%emt 0:07:03] The position is equal.} Rb3 50. Bxb6 Rxb6 {[%emt 0:00:04] KR-KR} 51. g4 $1 Rb4 52. gxh5 gxh5 53. Kf3 Rb3+ 54. Ke2 Kd6 55. Kd2 a3 56. bxa3 Rxa3 57. Rc8 Rh3 58. Rd8+ Ke7 59. Rh8 Rxh4 60. Rh6 Rh1 61. Ke2 h4 62. Kf2 h3 63. Kg3 Rg1+ 64. Kh2 Rg4 65. Kxh3 Rxe4 66. Kg3 Rf4 67. Ra6 Rf8 68. Rb6 Kd7 69. Ra6 e4 70. Ra4 e3 71. Re4 Re8 72. Rxe8 Kxe8 73. Kf3 e2 74. Kxe2 {[%emt 0:00:13] Weighted Error Value: White=0.07 (flawless) /Black=0.10 (very precise)} 1/2-1/2

[Event "German Bundesliga 2021-22"]
[Site "Germany"]
[Date "2022.04.09"]
[Round "3.6"]
[White "Begnis, Nikolaos"]
[Black "Bacrot, Etienne"]
[Result "0-1"]
[ECO "B67"]
[WhiteElo "2278"]
[BlackElo "2642"]
[Annotator "TA"]
[PlyCount "86"]
[EventDate "2022.03.05"]
[EventType "team-tourn"]
[EventCountry "GER"]
[SourceTitle "playchess.com"]
[Source "ChessBase"]
[SourceQuality "1"]
[TimeControl "40/5400+30:1800+30"]

1. e4 c5 2. Nf3 d6 3. d4 cxd4 4. Nxd4 Nf6 5. Nc3 Nc6 6. Bg5 e6 7. Qd2 a6 8. O-O-O Bd7 $1 {[%emt 0:00:00] 8...Bd7 is better than 8...h6.} 9. Nxc6 Bxc6 10. Qe1 {[%emt 0:00:32][%cal Oc3d5] B67: Sicilian: Richter-Rauzer: 7...a6 8 0-0-0 Bd7, lines without 9 f4 Be7.} Qa5 {[%emt 0:00:00] Against Nd5 10...Be7 is vanishing.} 11. h4 Be7 (11... h6 $5 12. Bf4 b5 $11) 12. Rh3 {[%emt 0:09:03] [#] White is slightly better.} Rc8 $146 ({Predecessor:} 12... b5 13. e5 dxe5 14. Qxe5 Rc8 15. Rg3 Qc7 16. Qxc7 Rxc7 17. a3 Rd7 18. Be2 Rxd1+ 19. Bxd1 g6 20. Bf3 Bxf3 21. Rxf3 Ng4 {½-½ (21) Begnis,N (2295)-Osieka,U (2320) Germany 1995}) 13. Kb1 Qc7 14. Bd3 b5 15. Re3 (15. Bxf6 $14 Bxf6 16. Nd5) 15... Qb7 16. f3 (16. f4 $11 {deserves consideration.}) 16... h6 17. Bf4 e5 (17... b4 $15 18. Ne2 Qb6) 18. Bh2 $11 h5 19. Qe2 (19. Nd5 $11) 19... Bd7 $15 20. g4 ({White should try} 20. Qd2 $15) 20... hxg4 $17 21. f4 {[%emt 0:00:05] [#]} exf4 ({Not} 21... Rxh4 22. fxe5 dxe5 23. Bxe5 $15) (21... Rxc3 $1 $17 22. bxc3 Qc7) 22. Bxf4 $15 {[%emt 0:00:07] Strongly threatening e5.} Nh5 (22... Rxh4 $2 23. e5 dxe5 24. Rxe5 $18) 23. Bg5 Be6 (23... f6 $2 24. e5 $1 dxe5 25. Rxe5 $1 fxe5 26. Bg6+ Kf8 27. Bxe7+ Kxe7 28. Qxe5+ Kd8 29. Bxh5 $18) 24. Nd5 $1 Bd8 (24... f6 $2 25. e5 $1 dxe5 26. Rxe5 $1 fxe5 27. Nxe7 $18) 25. Bxd8 Rxd8 {[%emt 0:01:15] White is now going downhill.} 26. Qf1 (26. a4 $142) 26... Qa7 $36 {[%emt 0:07:46][%mdl 2048] White is under strong pressure.} 27. Rde1 {[%emt 0:00:04] [#]} Kf8 $1 28. Nf4 (28. c4 $17 {was worth a try.}) 28... Nxf4 $19 29. Qxf4 Rxh4 30. e5 dxe5 31. Rxe5 {[%emt 0:00:07] [#]} Rh6 32. a3 {[%emt 0:00:37] [#] Rxe6 is the strong threat.} ({But not} 32. Rxe6 $2 Rxe6 33. Rd1 Qd4 $19) (32. b3 Qd4) 32... Qd4 $1 33. R5e4 (33. Qf1 Qd7) 33... Qd5 34. b3 Kg8 35. Qc7 (35. a4 $142) 35... Qd6 36. Qa5 g3 {[%emt 0:00:56][%cal Bg4g3,Bg3g2][%mdl 32] Hoping for ...g2.} 37. Rg1 (37. R4e2 $142) 37... f5 ({Avoid the trap} 37... Bxb3 $2 38. Re3 Be6 39. Be4 $19) 38. Rf4 (38. Ree1 $142 f4 39. Rd1) 38... Qxf4 39. Qxd8+ Kh7 {[%emt 0:00:06] Threatens to win with ...Qe3.} 40. Rf1 Qg4 {[%emt 0:03:23] And now ...g2 would win.} 41. Qf8 g2 42. Rxf5 Bxf5 43. Bxf5+ {[%emt 0:00:00] [#]} Rg6 $1 {[%emt 0:00:00] Weighted Error Value: White=0.77/Black=0.13 (very precise)} 0-1

[Event "German Bundesliga 2021-22"]
[Site "Germany"]
[Date "2022.04.09"]
[Round "3.7"]
[White "Meier, Georg"]
[Black "Meessen, Rudolf"]
[Result "1-0"]
[ECO "A04"]
[WhiteElo "2631"]
[BlackElo "2239"]
[Annotator "TA"]
[PlyCount "91"]
[EventDate "2022.03.05"]
[EventType "team-tourn"]
[EventCountry "GER"]
[SourceTitle "playchess.com"]
[Source "ChessBase"]
[SourceQuality "1"]
[TimeControl "40/5400+30:1800+30"]

1. Nf3 d6 2. d4 g6 3. g3 Bg7 4. Bg2 e5 5. dxe5 dxe5 6. Qxd8+ Kxd8 7. Nc3 {[%emt 0:00:00] 7.0-0 is the hot move.} f6 {[%emt 0:00:00] A41: 1 d4 d6: Tartakower System and Modern Defence.} 8. b3 c6 9. Ba3 {[%emt 0:00:07] [#]} Be6 $146 {[%emt 0:01:00] [#]} (9... Kc7 $14) ({Predecessor:} 9... Nh6 10. O-O-O+ Nd7 11. Rd2 Bf8 12. Bb2 Kc7 13. Rhd1 Bc5 14. Ne4 Be7 15. Bh3 Nf5 {1-0 (24) Ronka,E (2321)-Kostiukov,A (2271) Chess.com INT 2021}) 10. O-O-O+ (10. Ne4 $1 $16) 10... Nd7 $11 11. Rd2 Nh6 12. Ne4 Kc7 13. Bd6+ Kc8 14. Rhd1 Nf7 {[%emt 0:02:45] Against Nfg5} 15. e3 Nxd6 16. Nxd6+ Kc7 $1 {[%emt 0:00:17] [#]} 17. Nxb7 {[%emt 0:00:11] Hoping for Na5.} Bf8 $1 18. Nd6 Nb6 19. c4 Be7 20. Ne1 f5 (20... Nd7 $11) 21. Nd3 e4 (21... Bxd6 $142 22. c5 Rhc8) 22. Nc5 {[%emt 0:13:19] Pair of Knights!} Bc8 23. Nxc8 {[%emt 0:00:12] 0x0.0021271f002edp-1022s more active pieces. The black rooks are badly placed.} (23. f3 $16) 23... Bxc5 24. Nxb6 Kxb6 25. Rd7 $36 {[%emt 0:00:51][%mdl 2048] White has the initiative.} h5 26. h4 Rhe8 27. Rg7 Rad8 $2 {[%emt 0:01:10] This costs Black the game.} (27... Rg8 $11 28. Rxg8 Rxg8) 28. Rxg6 $18 Ba3+ 29. Kc2 Rxd1 30. Kxd1 {[%emt 0:00:03][%mdl 4096] Endgame KRB-KRB} Rd8+ 31. Ke2 Bb4 32. Bh3 Rd2+ 33. Kf1 Rxa2 (33... f4 $142 34. gxf4 (34. exf4 Bc5 $18) 34... Rd1+ 35. Kg2 Be1) 34. Bxf5 Rb2 35. Bxe4 Rxb3 36. Bxc6 {[%emt 0:00:52] Strongly threatening Ba4+.} Kc5 37. Bb5 Rb1+ 38. Kg2 {[%emt 0:00:16][%csl Gb5][%cal Rg6c6] White is clearly winning.} Be1 39. Rg5+ Kb4 40. Rxh5 Rb2 41. Rf5 a5 42. h5 a4 {[%emt 0:00:10] [#]} 43. Bxa4 $1 Kxa4 (43... Kxc4 44. h6) 44. g4 Rc2 45. g5 {[%emt 0:00:00] aiming for g6.} Bd2 46. g6 {[%emt 0:00:00] Weighted Error Value: White=0.21 (precise) /Black=0.36} 1-0

[Event "German Bundesliga 2021-22"]
[Site "Germany"]
[Date "2022.04.09"]
[Round "3.7"]
[White "Parvanyan, Ashot"]
[Black "Rietze, Clemens"]
[Result "1-0"]
[ECO "D02"]
[WhiteElo "2462"]
[BlackElo "2279"]
[Annotator "TA"]
[PlyCount "65"]
[EventDate "2022.03.05"]
[EventType "team-tourn"]
[EventCountry "GER"]
[SourceTitle "playchess.com"]
[Source "ChessBase"]
[SourceQuality "1"]
[TimeControl "40/5400+30:1800+30"]

1. Nf3 d5 2. d4 Nf6 3. c4 e6 4. g3 Bb4+ 5. Bd2 Bd6 6. Bg2 c6 7. Nc3 O-O 8. O-O Nbd7 9. b3 dxc4 {[%emt 0:00:00] E01: Catalan: Early deviations.} 10. bxc4 e5 11. e3 Re8 {[%emt 0:00:00] White is slightly better.} 12. Qc2 Bc7 {[%emt 0:00:00] [#]} 13. Rad1 $146 ({Predecessor:} 13. Rfe1 h6 14. h3 Qe7 15. Bc1 Nb6 16. c5 Nc4 17. Rb1 e4 18. Nh2 Na5 19. Nf1 {0-1 (44) Lindgren,P (2380)-Braun,A (2574) Germany 2017}) 13... exd4 14. exd4 Nb6 (14... h6 $14) 15. d5 $16 cxd5 {[%emt 0:40:22] [#]} 16. cxd5 (16. c5 $1 $16 ) 16... Bd6 (16... Nbxd5 $2 17. Nxd5 Qxd5 18. Qxc7 $18) 17. Nb5 Bg4 (17... Nbxd5 $2 18. Bc3 Nxc3 19. Qxc3 $18 (19. Rxd6 Nxb5 20. Rxd8 Rxd8 $16)) 18. h3 Bh5 19. Qb3 Ne4 (19... Nbxd5 $2 20. Bg5 Bxg3 21. Bxf6 (21. fxg3 Qb6+ 22. Nbd4 h6 $18) 21... Qxf6 22. Rxd5 (22. fxg3 Qb6+ 23. Rf2 Ne3 $18) 22... Bxf3 23. Qxf3 $18) (19... Nfxd5 $2 20. Ba5 Bc5 21. Bxb6 Qxb6 22. Rxd5 $18) 20. Be3 Bc5 {[%emt 0:08:03] [#]} ({Better is} 20... Nc5 $14 21. Qb4 Ne4 22. Nxd6 Qxd6 23. Qxd6 Nxd6) 21. Bxc5 $1 Nxc5 22. Qb4 Nbd7 23. Nd6 Re2 24. Nxb7 {[%emt 0:05:06] &Bianco is more active.} Nxb7 (24... Qb6 $16 25. Qh4 Nxb7) 25. Qxb7 $18 {[%emt 0:00:08] Hoping for Nd4.} Rxa2 26. g4 Rb8 27. Qc6 Bg6 28. Nd4 Rc8 29. Qb5 {[%emt 0:05:53] Strongly threatening Nc6.} Bc2 $2 (29... Nb6 {might work better.} 30. Nc6 Qd6) 30. Nc6 Qf8 31. Rde1 Kh8 32. Qc4 Qa3 {[%emt 0:00:29] [#]} (32... Rb2 $142 33. Qc3 Ra2) 33. Nb4 $1 {[%emt 0:00:10][%mdl 512] Weighted Error Value: White=0.09 (flawless) /Black=0.33} 1-0

[Event "German Bundesliga 2021-22"]
[Site "Germany"]
[Date "2022.04.09"]
[Round "3.7"]
[White "Reuker, Jari"]
[Black "Costa, Leonardo"]
[Result "1/2-1/2"]
[ECO "D35"]
[WhiteElo "2425"]
[BlackElo "2324"]
[Annotator "NA RC"]
[PlyCount "96"]
[EventDate "2022.03.05"]
[EventType "team-tourn"]
[EventCountry "GER"]
[SourceTitle "playchess.com"]
[Source "ChessBase"]
[SourceQuality "1"]
[TimeControl "40/5400+30:1800+30"]

1. d4 d5 2. c4 e6 3. Nc3 Nf6 4. cxd5 exd5 5. Bg5 Be7 6. e3 O-O 7. Bd3 h6 8. Bh4 Re8 9. Nf3 c6 10. Bg3 Bg4 11. h3 Bxf3 12. Qxf3 Nbd7 13. O-O Nf8 14. a3 a5 15. Rfc1 Bd6 16. Bh4 Be7 17. Bxf6 Bxf6 18. Na4 Ne6 19. b4 b5 20. Nc5 Nxc5 21. bxc5 Qe7 $11 22. Ra2 g6 23. Re2 Bg7 24. g3 Qf6 25. Kg2 Rab8 26. g4 Qxf3+ 27. Kxf3 Re6 28. h4 Bf6 29. Rh1 Re7 30. Rb2 Reb7 31. Ke2 Kf8 32. f4 Re8 33. Kf3 Rbe7 34. Re2 g5 35. hxg5 hxg5 36. fxg5 Bxg5 37. e4 dxe4+ 38. Rxe4 Bf6 39. Rd1 Rd8 40. Rxe7 Kxe7 41. Be4 Rxd4 42. Rxd4 Bxd4 43. Bxc6 Bxc5 44. Bxb5 Bxa3 45. Ke4 f6 46. Kd5 Bc1 47. Kc4 Kd6 48. Kb3 Kc5 1/2-1/2

[Event "German Bundesliga 2021-22"]
[Site "Germany"]
[Date "2022.04.09"]
[Round "3.8"]
[White "Pitl, Gregory"]
[Black "Colbow, Collin"]
[Result "1/2-1/2"]
[ECO "B47"]
[WhiteElo "2379"]
[BlackElo "2370"]
[Annotator "RC"]
[PlyCount "55"]
[EventDate "2022.03.05"]
[EventType "team-tourn"]
[EventCountry "GER"]
[SourceTitle "playchess.com"]
[Source "ChessBase"]
[SourceQuality "1"]
[TimeControl "40/5400+30:1800+30"]

1. e4 c5 2. Nf3 e6 3. d4 cxd4 4. Nxd4 Nc6 5. Nc3 Qc7 6. g3 a6 7. Bg2 Nf6 8. O-O Nxd4 9. Qxd4 Bc5 10. Bf4 d6 11. Qd2 h6 12. Rad1 e5 13. Be3 Bxe3 14. fxe3 Be6 15. Qxd6 Rc8 16. Rf2 Qxd6 17. Rxd6 Rxc3 18. bxc3 Nd7 19. a4 Ke7 20. Rd1 a5 21. Rb1 b6 22. Bf1 Rc8 23. Rd2 Rxc3 24. Bb5 Nf6 25. Bd3 Nd7 26. Bb5 Nf6 27. Bd3 Nd7 28. Bb5 1/2-1/2

[Event "German Bundesliga 2021-22"]
[Site "Germany"]
[Date "2022.04.09"]
[Round "3.8"]
[White "Breier, Andreas"]
[Black "Pajeken, Jakob Leon"]
[Result "0-1"]
[ECO "D26"]
[WhiteElo "2368"]
[BlackElo "2370"]
[Annotator "NA RC"]
[PlyCount "123"]
[EventDate "2022.03.05"]
[EventType "team-tourn"]
[EventCountry "GER"]
[SourceTitle "playchess.com"]
[Source "ChessBase"]
[SourceQuality "1"]
[TimeControl "40/5400+30:1800+30"]

1. d4 d5 2. c4 dxc4 3. Nf3 Nf6 4. e3 e6 5. Bxc4 c5 6. O-O Nc6 7. Qe2 a6 8. Bb3 b5 9. a4 Rb8 10. axb5 axb5 11. Nc3 c4 12. Bc2 Be7 13. e4 Nb4 14. Bb1 O-O 15. Bf4 Rb6 16. Ra7 Bb7 17. Rd1 Qc8 $14 18. d5 Bc5 19. dxe6 Rxe6 20. Ra5 Nd3 21. Bxd3 cxd3 22. Qxd3 Nxe4 23. Nxe4 Bxe4 24. Qxb5 Bb6 25. Raa1 Rg6 26. Bg3 Bxf3 27. gxf3 Qh3 28. Qf1 Qf5 29. Qd3 Qh3 30. Qf1 Qf5 31. Kg2 h5 32. h4 Qf6 33. Qb5 Rb8 34. Ra6 Qxh4 35. Rh1 Qd4 36. Rxb6 Qxb6 37. Qxh5 Rh6 38. Qe5 Rxh1 39. Qxb8+ Qxb8 40. Bxb8 Rb1 41. Be5 f6 42. Bd4 Kf7 43. Kg3 Ke6 44. Kf4 Re1 45. b4 g5+ 46. Kg3 Rg1+ 47. Kh2 Rb1 48. Bc5 Rb3 49. Kg3 Kf5 50. Kg2 Kg6 51. Bd6 Rb1 52. Bc5 f5 53. Be7 f4 54. Bd6 Kf5 55. Be7 Re1 56. Bc5 Rc1 57. Bd4 Rb1 58. Bc5 Rb3 59. Bd6 g4 60. fxg4+ Kxg4 61. Kf1 f3 62. Bc5 0-1

[Event "German Bundesliga 2021-22"]
[Site "Germany"]
[Date "2022.04.09"]
[Round "3.8"]
[White "Ciolek, Andreas"]
[Black "Roseneck, Jonas"]
[Result "0-1"]
[ECO "D02"]
[WhiteElo "2194"]
[BlackElo "2376"]
[Annotator "NA RC"]
[PlyCount "168"]
[EventDate "2022.03.05"]
[EventType "team-tourn"]
[EventCountry "GER"]
[SourceTitle "playchess.com"]
[Source "ChessBase"]
[SourceQuality "1"]
[TimeControl "40/5400+30:1800+30"]

1. d4 Nf6 2. Nf3 d5 3. g3 c5 4. Bg2 cxd4 5. O-O h6 6. b3 e6 7. Nxd4 e5 8. Nf3 e4 9. Nd4 Bc5 10. Bb2 O-O 11. c4 Re8 12. e3 Bg4 13. Qd2 dxc4 14. bxc4 Nbd7 15. h3 Bh5 16. Nb3 Bf8 17. g4 Bg6 18. Rd1 $15 Qc7 19. Nc3 Qxc4 20. Bf1 Qc8 21. Nb5 Qb8 22. Rac1 Rc8 23. Rxc8 Qxc8 24. Rc1 Qd8 25. Bxf6 Nxf6 26. Qxd8 Rb8 27. Qc8 Rxc8 28. Nxa7 Ra8 29. Nb5 Rxa2 30. Rc7 b6 31. Bc4 Bb4 32. N3d4 Rb2 33. Kf1 Bc5 34. Nc6 Kh7 35. Ne5 Rxb5 36. Bxb5 Bd6 37. Rxf7 Bxe5 38. Rb7 h5 39. gxh5 Bxh5 40. Rxb6 Kh6 41. Be2 Bf7 42. f3 Bg6 43. Kg2 Nd5 44. Rb3 Nc3 45. Bc4 exf3+ 46. Kxf3 Ne4 47. Rb4 Bd6 48. Rb2 Ng5+ 49. Ke2 Bg3 50. Kf1 Be4 51. Rb6+ g6 52. Bb5 Bc7 53. Ra6 Nxh3 54. Be2 Bg3 55. Ra5 Ng5 56. Bg4 Nf7 57. Bh3 Ne5 58. Ra7 Nc4 59. Ke2 Kh5 60. Re7 Ne5 61. Kf1 g5 62. Bg2 Bd3+ 63. Kg1 Kg4 64. Bd5 Nf3+ 65. Kg2 Nh4+ 66. Kg1 Be1 67. Re8 Kg3 68. Kh1 Be2 69. Bc6 Bf2 70. Bb7 g4 71. Bc6 Nf3 72. Rf8 Ne5 73. Bd5 Bxe3 74. Bg2 Nd3 75. Rg8 Ne1 76. Bd5 Nf3 77. Be6 Ng5 78. Bd5 Kf2 79. Rf8+ Nf3 80. Rg8 g3 81. Bc6 Bg5 82. Rxg5 Nxg5 83. Be4 Bf3+ 84. Bxf3 Kxf3 0-1

[Event "German Bundesliga 2021-22"]
[Site "Germany"]
[Date "2022.04.09"]
[Round "3.8"]
[White "Rache, Ralf"]
[Black "Doettling, Fabian"]
[Result "0-1"]
[ECO "B19"]
[WhiteElo "1935"]
[BlackElo "2587"]
[Annotator "TA"]
[PlyCount "80"]
[EventDate "2022.03.05"]
[EventType "team-tourn"]
[EventCountry "GER"]
[SourceTitle "playchess.com"]
[Source "ChessBase"]
[SourceQuality "1"]
[TimeControl "40/5400+30:1800+30"]

1. e4 c6 2. d4 d5 3. Nc3 dxe4 4. Nxe4 Bf5 5. Ng3 Bg6 6. h4 h6 7. Nf3 Nd7 8. h5 Bh7 9. Bd3 Bxd3 10. Qxd3 e6 11. Bd2 Ngf6 12. Qe2 Be7 13. O-O-O O-O 14. Kb1 Qb6 {[%emt 0:00:00] B19: Classical Caro-Kann: 4...Bf5 main line.} 15. Bc1 Rfe8 16. Ne5 Rad8 {[%emt 0:00:00] [#] The position is equal.} 17. Rhe1 $146 ({Predecessor:} 17. f4 c5 18. Nxd7 Nxd7 19. d5 exd5 20. Rxd5 Nf6 21. Rxd8 Bxd8 22. Qf3 c4 23. Rd1 {0-1 (40) Stellwagen,D (2489)-Doettling,F (2532) Pulvermuehle 2004}) 17... Bb4 18. Bd2 (18. Rf1 $11) 18... Bxd2 $15 (18... Qxd4 $2 19. Nxd7 Rxd7 20. c3 $18) 19. Rxd2 Nxe5 $40 {[%emt 0:00:00][%mdl 128] Black is up to no good.} 20. dxe5 Rxd2 21. Qxd2 {[%emt 0:00:00] [#]} Rd8 $1 22. Qe2 (22. Qc1 Ng4) 22... Nd7 (22... Nd5 $5 23. Ne4 Nf4 $11) 23. Rd1 {[%emt 0:00:06] [#]} (23. a3 $11 {keeps the balance.}) 23... Nxe5 $1 $17 {[%emt 0:00:28][%mdl 512] Hoping for ...Rxd1+. Black keeps a firm grip on the game.} 24. Rxd8+ (24. Ne4 Rd5) 24... Qxd8 25. a3 Qd4 26. b3 f5 27. Nf1 Kf7 28. Nd2 (28. Nh2 {was worth a try.}) 28... Ng4 $19 29. f3 Ne3 30. g3 Nd5 {[%emt 1:33:33] ( -> ...Nc3+)} 31. Qd3 (31. Qe1 {was the only chance.}) 31... Nc3+ 32. Ka1 Qxd3 33. cxd3 {[%emt 0:00:09][%mdl 4096] Endgame KN-KN} Ne2 34. g4 Nc1 35. Nc4 (35. Kb2 $142 Nxd3+ 36. Kc2) 35... Nxb3+ {[%emt 0:00:34] Black is clearly winning.} 36. Kb2 Nd4 37. Nd2 b5 38. Kc3 c5 39. a4 a6 40. axb5 axb5 {[%emt 0:00:08] Weighted Error Value: White=0.55/Black=0.10 (very precise)} 0-1